 Dungeon Crawl Stone Soup version 0.28.0-43-g3370ac3207 (webtiles) character file.

Game seed: 7419208145373997823

131 uselesstheremin the Skirmisher (level 4, 0/42 HPs)
             Began as a Minotaur Berserker on Feb 28, 2022.
             Was a Believer of Trog.
             Constricted to death by a ball python (1 damage)
             ... on level 4 of the Dungeon on Mar 1, 2022.
             The game lasted 00:12:06 (1302 turns).

uselesstheremin the Skirmisher (Minotaur Berserker) Turns: 1302, Time: 00:12:06

Health: 0/42       AC:  5    Str: 22    XL:     4   Next: 91%
Magic:  3/3        EV:  8    Int:  4    God:    Trog [**....]
Gold:   139        SH:  0    Dex: 11    Spells: 3/3 levels left

rFire   . . .      SeeInvis .   m - +4 whip
rCold   . . .      Faith    .   (no shield)
rNeg    . . .      Spirit   .   e - +0 ring mail
rPois   .          Reflect  .   (helmet restricted)
rElec   .          Harm     .   (no cloak)
rCorr   .          Rampage  .   (no gloves)
Will    .....                   (no boots)
Stlth   +.........              (no amulet)
HPRegen 0.14/turn               (no ring)
MPRegen 0.08/turn               (no ring)

@: constricted
A: horns 2, retaliatory headbutt
a: Renounce Religion, Berserk, Trog's Hand


You were on level 4 of the Dungeon.
You worshipped Trog.
Trog was pleased with you.
You visited 1 branch of the dungeon, and saw 4 of its levels.

You collected 139 gold pieces.

Inventory:

Hand Weapons
 a - a +0 spear
 i - a +0 hunting sling
 m - a +4 whip (weapon)
Missiles
 b - 5 large rocks
 c - 8 atropa-tipped darts (quivered)
 g - 21 sling bullets
 j - 45 stones
Armour
 e - a +0 ring mail (worn)
Scrolls
 d - a scroll of identify {unknown}
 h - a scroll of brand weapon {unknown}
 l - a scroll of magic mapping {unknown}
Potions
 f - a potion of brilliance
 k - 2 potions of ambrosia {unknown}


   Skills:
 + Level 5.0 Fighting
 + Level 0.4 Maces & Flails
 + Level 4.8 Polearms
 + Level 1.4 Slings
 + Level 3.0 Armour
 + Level 2.5 Dodging


You had 3 spell levels left.
You didn't know any spells.
Your spell library contained the following spells:

 Spells                   Type           Power      Damage    Failure   Level
 Ozocubu's Armour         Ice            0%         N/A       95%         3
 Metabolic Englaciation   Hex/Ice        0%         N/A       100%        5
 Simulacrum               Ice/Necr       0%         N/A       100%        6


Dungeon Overview and Level Annotations

Branches:
Dungeon (4/15)
 Temple: D:4-7

Altars:


Innate Abilities, Weirdness & Mutations

You have a pair of horns on your head.
You reflexively headbutt those who attack you in melee.


Message History

The kobold unwields a +0 hand crossbow.
The kobold wields a +0 whip.
The kobold barely misses you. You furiously retaliate!
You headbutt the kobold.
You kill the kobold!
Trog accepts your kill.
A goblin comes into view. It is wielding a +0 dagger.
The goblin shouts!
Unknown command.
Unknown command.
A ball python comes into view.
The ball python hisses angrily.
The goblin hits you but does no damage. The goblin barely misses you.
The goblin misses you.
A quokka comes into view.
The goblin barely misses you. The goblin hits you but does no damage.
The ball python closely misses you. The ball python grabs you.
The ball python constricts you.
* * * LOW HITPOINT WARNING * * *
The goblin barely misses you.
The ball python bites you but does no damage.
The ball python constricts you. The goblin hits you but does no damage.
The ball python bites you but does no damage.
The ball python constricts you.
* * * LOW HITPOINT WARNING * * *
The goblin hits you with a +0 dagger.
* * * LOW HITPOINT WARNING * * *
The ball python bites you but does no damage.
The ball python constricts you.
* * * LOW HITPOINT WARNING * * *
The goblin hits you with a +0 dagger.
* * * LOW HITPOINT WARNING * * *
The ball python bites you.
* * * LOW HITPOINT WARNING * * *
The ball python constricts you.
* * * LOW HITPOINT WARNING * * *
The quokka barely misses you. The ball python misses you.
The ball python constricts you.
You die...

#....# #....#
##....####
#...... .#
##.....##.####.
#..............
#.........#
#...Sgr..###
##.#.@.....#
##........#.#
...........#.#
##......)..# #
#......<..#
#...?....##
#......)..#
#.........#
#.........#


You could see a quokka, a goblin and a ball python.

Vanquished Creatures
  An ogre (D:4)
  A gnoll (D:1)
  An adder skeleton (D:3)
  A dart slug (D:2)
  3 endoplasms
  3 giant cockroaches
  4 hobgoblins
  3 quokkas
  4 ball pythons
  4 bats
  3 frilled lizards
  A goblin (D:2)
  5 kobolds
  5 rats
39 creatures vanquished.

Vanquished Creatures (others)
  3 fungi (D:1)
  3 toadstools (D:1)
6 creatures vanquished.

Grand Total: 45 creatures vanquished

Notes
Turn   | Place    | Note
-------+----------+-------------------------------------------
     0 | D:1      | uselesstheremin the Minotaur Berserker began the quest for
                  | the Orb.
     0 | D:1      | Reached XP level 1. HP: 19/19 MP: 0/0
   192 | D:1      | Reached XP level 2. HP: 23/27 MP: 1/1
   273 | D:1      | Reached skill level 4 in Fighting
   709 | D:2      | Reached XP level 3. HP: 30/33 MP: 2/2
   963 | D:2      | Reached ** piety under Trog
  1272 | D:4      | Noticed an ogre
  1277 | D:4      | Killed an ogre
  1278 | D:4      | Reached skill level 5 in Fighting
  1278 | D:4      | Reached skill level 1 in Slings
  1278 | D:4      | Reached XP level 4. HP: 9/42 MP: 3/3
  1301 | D:4      | HP: 2/42 [ball python (3)]
  1302 | D:4      | Constricted to death by a ball python

Illustrated notes

Levels and vault maps discovered:
D:1:      nicolae_arrival_somewhat_less_tricky_arrival, layout_basic,
          serial_shops, nicolae_shop_hallway_plus, minmay_gold_behind_fungi
D:2:      layout_loops_ring, hangedman_abyss_or_decor_lesser_grid
D:3:      layout_loops_ring, serial_undead, serial_undead_a, serial_undead_a,
          serial_undead_f, serial_undead_c, portal_sewer_entry_b,
          kennysheep_generic_room_5, uniq_terence, uniq_sigmund
D:4:      layout_basic, amcnicky_altar_gilded, minmay_hollow_rounded_squares

Skill      XL: |  1  2  3 |
---------------+----------+-----
Polearms       | 4 |  4.8
Fighting       | 4 5 |  5.0
Slings         | 1 |  1.4
Armour         | 3 |  3.0
Maces & Flails | |  0.4
Dodging        | |  2.5

Action                   |  1- 3 |  4- 6 || total
-------------------------+-------+-------++-------
Melee: Spear             |    93 |       ||    93
       Headbutt          |    11 |       ||    11
       Punch             |     2 |       ||     2
       Whip              |    11 |       ||    11
 Fire: Hunting sling     |     6 |       ||     6
Invok: Berserk           |     1 |       ||     1
  Use: Potion            |     2 |       ||     2
Armor: Ring mail         |    31 |     6 ||    37
       Animal skin       |     3 |       ||     3
Dodge: Dodged            |    48 |     9 ||    57
